[ PARTIDA AOE2 · #484568892 ]
UnrankedCoreanos vs Lithuanians
[ ANÁLISIS DE REPETICIÓN · EXTRAÍDO DE LA PARTIDA GRABADA ]
Feudal
10:05
Castillos
15:16
Imperial
30:29
| APM promedio | 32.4 |
| APM pico | 60 |
| eAPM promedio | 13.6 |
| Aldeanos / militares | 116 / 60 |
Foco
⚔️ 27.6% · 🌾 72.4%
War Wagon ×38 · Fire Lancer ×10 · Bombard Cannon ×6 · Scout Cavalry ×2 · Monk ×1 · Iron Pagoda ×1
Feudal
11:52
Castillos
15:27
Imperial
32:00
| APM promedio | 40.5 |
| APM pico | 73 |
| eAPM promedio | 25.9 |
| Aldeanos / militares | 121 / 175 |
Foco
⚔️ 37.7% · 🌾 62.3%
Skirmisher ×91 · Leitis ×70 · Monk ×9 · Trebuchet (Packed) ×3 · Trade Cart ×2 · Scout Cavalry ×2
Feudal
11:18
Castillos
14:48
Imperial
—
| APM promedio | 34.8 |
| APM pico | 79 |
| eAPM promedio | 15.6 |
| Aldeanos / militares | 112 / 72 |
Foco
⚔️ 25.3% · 🌾 74.7%
Skirmisher ×36 · Chu Ko Nu ×30 · Iron Pagoda ×4 · Monk ×2
Feudal
10:56
Castillos
14:27
Imperial
31:14
| APM promedio | 39.7 |
| APM pico | 89 |
| eAPM promedio | 25.7 |
| Aldeanos / militares | 125 / 304 |
Foco
⚔️ 41.6% · 🌾 58.4%
Spearman ×155 · Longbowman ×144 · Trebuchet (Packed) ×5
Feudal
12:33
Castillos
16:03
Imperial
37:41
| APM promedio | 40.7 |
| APM pico | 87 |
| eAPM promedio | 23.3 |
| Aldeanos / militares | 159 / 162 |
Foco
⚔️ 30.1% · 🌾 69.9%
Spearman ×112 · Conquistador ×38 · Petard ×6 · Knight ×5 · Mangonel ×1
Feudal
11:07
Castillos
14:23
Imperial
29:59
| APM promedio | 44.7 |
| APM pico | 83 |
| eAPM promedio | 21.8 |
| Aldeanos / militares | 190 / 276 |
Foco
⚔️ 27.0% · 🌾 73.0%
Knight ×169 · Scout Cavalry ×79 · Camel Scout ×18 · Trebuchet (Packed) ×6 · Mangonel ×3 · Monk ×1
Feudal
10:13
Castillos
14:08
Imperial
40:13
| APM promedio | 52.9 |
| APM pico | 91 |
| eAPM promedio | 25.1 |
| Aldeanos / militares | 64 / 144 |
Foco
⚔️ 38.9% · 🌾 61.1%
Arambai ×119 · Battering Ram ×25
Feudal
10:04
Castillos
16:32
Imperial
22:23
| APM promedio | 27.4 |
| APM pico | 72 |
| eAPM promedio | 15.9 |
| Aldeanos / militares | 68 / 59 |
Foco
⚔️ 31.2% · 🌾 68.8%
Hand Cannoneer ×45 · Bombard Cannon ×14
Mapa de la partida
Recursos iniciales + cada clic de construcción. Líneas = muros · curvas = relieve. ◆ oro · ⬟ piedra · ● bayas · ✦ reliquia · ◌ hueco del cierre
Tu base· ✓ Cerrada en 15:16 · 0t muro · 3 puerta(s)
Base de 哈基索米· ✓ Cerrada en 15:27 · 0t muro · 2 puerta(s)
Base de qiuqiangkong· ✓ Cerrada en 14:48 · 0t muro · 2 puerta(s)
Base de DandyCookie· ✓ Cerrada en 14:27 · 0t muro · 3 puerta(s)
Base de Elliminator· ✓ Cerrada en 16:03 · 0t muro · 2 puerta(s)
Base de 嘿,延边!· ✓ Cerrada en 14:23 · 0t muro · 2 puerta(s)
Base de 可惜投降不能打队友· ✓ Cerrada en 14:08 · 0t muro · 4 puerta(s)
Base de koyomi· ✓ Cerrada en 16:32 · 0t muro · 3 puerta(s)
Terreno inicial suavizado · ◌ = hueco del cierre detectado · pasá el cursor para detalles
Inputs por minuto
— Gaody - - 哈基索米
Build order — Gaody
Primeras 150 de 312 acciones detectadas
| 0:01 | Crear | Villager (Male) |
| 0:02 | Crear | Villager (Male) |
| 0:02 | Crear | Villager (Male) |
| 0:04 | Construir | House |
| 0:06 | Construir | House |
| 0:11 | Crear | Villager (Male) |
| 0:11 | Crear | Villager (Male) |
| 1:33 | Crear | Villager (Male) |
| 2:14 | Crear | Villager (Male) |
| 2:15 | Crear | Villager (Male) |
| 2:15 | Crear | Villager (Male) |
| 2:15 | Crear | Villager (Male) |
| 2:15 | Crear | Villager (Male) |
| 2:56 | Crear | Villager (Male) |
| 2:56 | Crear | Villager (Male) |
| 3:08 | Construir | Lumber Camp |
| 3:34 | Construir | House |
| 3:44 | Crear | Villager (Male) |
| 3:45 | Crear | Villager (Male) |
| 3:45 | Crear | Villager (Male) |
| 4:15 | Crear | Villager (Male) |
| 4:16 | Crear | Villager (Male) |
| 4:40 | Construir | Mill |
| 4:49 | Crear | Villager (Male) |
| 5:33 | Crear | Villager (Male) |
| 5:34 | Crear | Villager (Male) |
| 5:38 | Construir | House |
| 6:08 | Crear | Villager (Male) |
| 6:28 | Construir | House |
| 6:37 | Crear | Villager (Male) |
| 7:18 | Crear | Villager (Male) |
| 7:55 | Investigar | Feudal Age |
| 7:55 | Investigar | Feudal Age |
| 7:55 | Investigar | Feudal Age |
| 8:12 | Construir | Mining Camp |
| 8:26 | Crear | Villager (Male) |
| 8:40 | Construir | Mill |
| 8:57 | Crear | Villager (Male) |
| 10:05 | Edad | Edad Feudal |
| 10:15 | Construir | Blacksmith |
| 10:52 | Crear | Villager (Male) |
| 11:23 | Crear | Villager (Male) |
| 11:42 | Construir | Market |
| 12:06 | Crear | Villager (Male) |
| 12:18 | Construir | House |
| 12:36 | Investigar | Castle Age |
| 12:55 | Construir | Mining Camp |
| 13:10 | Crear | Villager (Male) |
| 13:25 | Crear | Villager (Male) |
| 13:55 | Investigar | Double-Bit Axe |
| 14:08 | Investigar | Stone Mining |
| 14:12 | Investigar | Horse Collar |
| 15:01 | Construir | Mill |
| 15:16 | Edad | Edad de los Castillos |
| 15:47 | Construir | Town Center |
| 16:02 | Crear | Villager (Male) |
| 16:20 | Crear | Villager (Male) |
| 16:42 | Crear | Villager (Male) |
| 16:58 | Construir | Town Center |
| 17:03 | Construir | House |
| 17:16 | Crear | Villager (Male) |
| 17:33 | Construir | House |
| 17:37 | Crear | Villager (Male) |
| 17:51 | Construir | Farm |
| 17:53 | Crear | Villager (Male) |
| 18:14 | Construir | Farm |
| 18:24 | Crear | Villager (Male) |
| 18:33 | Construir | Monastery |
| 18:41 | Construir | Farm |
| 18:46 | Crear | Villager (Male) |
| 18:55 | Construir | Farm |
| 19:09 | Construir | Farm |
| 19:11 | Construir | Farm |
| 19:12 | Crear | Villager (Male) |
| 19:16 | Construir | Farm |
| 19:23 | Construir | Farm |
| 19:37 | Crear | Villager (Male) |
| 19:39 | Crear | Villager (Male) |
| 19:44 | Construir | Farm |
| 19:53 | Crear | Villager (Male) |
| 19:58 | Crear | Monk |
| 20:06 | Construir | Farm |
| 20:07 | Crear | Villager (Male) |
| 20:10 | Construir | Farm |
| 20:12 | Crear | Villager (Male) |
| 20:20 | Construir | Farm |
| 20:22 | Crear | Villager (Male) |
| 20:36 | Construir | Farm |
| 20:38 | Crear | Villager (Male) |
| 20:42 | Construir | Farm |
| 20:43 | Crear | Villager (Male) |
| 20:51 | Construir | Farm |
| 20:53 | Crear | Villager (Male) |
| 21:09 | Construir | Farm |
| 21:10 | Crear | Villager (Male) |
| 21:13 | Construir | Farm |
| 21:14 | Crear | Villager (Male) |
| 21:17 | Crear | Villager (Male) |
| 21:22 | Construir | Farm |
| 21:28 | Crear | Villager (Male) |
| 21:30 | Crear | Villager (Male) |
| 21:42 | Construir | Farm |
| 21:46 | Construir | Farm |
| 21:56 | Construir | Farm |
| 21:58 | Crear | Villager (Male) |
| 22:16 | Construir | House |
| 22:17 | Construir | House |
| 22:18 | Construir | House |
| 22:23 | Crear | Villager (Male) |
| 22:26 | Investigar | Wheelbarrow |
| 22:32 | Construir | Farm |
| 22:33 | Crear | Villager (Male) |
| 22:38 | Investigar | Loom |
| 22:39 | Investigar | Town Watch |
| 22:45 | Crear | Villager (Male) |
| 22:51 | Construir | Farm |
| 23:04 | Crear | Villager (Male) |
| 23:04 | Crear | Villager (Male) |
| 23:18 | Construir | University |
| 23:27 | Crear | Villager (Male) |
| 23:28 | Crear | Villager (Male) |
| 23:36 | Construir | Farm |
| 23:46 | Investigar | Bow Saw |
| 23:50 | Crear | Villager (Male) |
| 23:55 | Crear | Villager (Male) |
| 23:59 | Construir | Farm |
| 24:01 | Crear | Villager (Male) |
| 24:02 | Crear | Villager (Male) |
| 24:15 | Construir | Farm |
| 24:18 | Crear | Villager (Male) |
| 24:19 | Crear | Villager (Male) |
| 24:31 | Construir | Farm |
| 24:50 | Construir | Farm |
| 24:52 | Crear | Villager (Male) |
| 25:06 | Crear | Villager (Male) |
| 25:08 | Crear | Villager (Male) |
| 25:09 | Crear | Villager (Male) |
| 25:12 | Crear | Villager (Male) |
| 25:12 | Crear | Villager (Male) |
| 25:19 | Investigar | Ballistics |
| 25:26 | Construir | House |
| 25:27 | Construir | House |
| 25:36 | Construir | Farm |
| 25:56 | Construir | Castle |
| 26:01 | Construir | Farm |
| 26:04 | Construir | Farm |
| 26:05 | Crear | Villager (Male) |
| 26:06 | Crear | Villager (Male) |
| 26:07 | Crear | Villager (Male) |
| 26:09 | Crear | Villager (Male) |
Build order — 哈基索米
Primeras 150 de 472 acciones detectadas
| 0:01 | Crear | Villager (Male) |
| 0:01 | Crear | Villager (Male) |
| 0:02 | Crear | Villager (Male) |
| 0:02 | Crear | Villager (Male) |
| 0:03 | Construir | House |
| 0:06 | Construir | House |
| 0:53 | Crear | Villager (Male) |
| 1:20 | Crear | Villager (Male) |
| 1:47 | Construir | Lumber Camp |
| 2:07 | Crear | Villager (Male) |
| 2:49 | Crear | Villager (Male) |
| 3:18 | Crear | Villager (Male) |
| 3:27 | Construir | House |
| 3:29 | Construir | House |
| 3:34 | Crear | Villager (Male) |
| 4:12 | Crear | Villager (Male) |
| 4:27 | Crear | Villager (Male) |
| 4:38 | Construir | House |
| 4:42 | Construir | Mill |
| 4:45 | Crear | Villager (Male) |
| 5:28 | Crear | Villager (Male) |
| 5:29 | Crear | Villager (Male) |
| 5:29 | Crear | Villager (Male) |
| 5:50 | Crear | Villager (Male) |
| 6:27 | Construir | Mill |
| 6:42 | Crear | Villager (Male) |
| 6:53 | Crear | Villager (Male) |
| 7:55 | Crear | Villager (Male) |
| 8:25 | Crear | Villager (Male) |
| 8:35 | Construir | Barracks |
| 8:47 | Crear | Villager (Male) |
| 9:03 | Construir | Mining Camp |
| 9:16 | Crear | Villager (Male) |
| 9:42 | Investigar | Feudal Age |
| 10:22 | Crear | Villager (Male) |
| 10:22 | Crear | Villager (Male) |
| 11:52 | Edad | Edad Feudal |
| 11:56 | Construir | Blacksmith |
| 12:03 | Construir | Stable |
| 12:19 | Construir | Lumber Camp |
| 12:47 | Investigar | Castle Age |
| 12:56 | Crear | Scout Cavalry |
| 13:08 | Construir | House |
| 13:11 | Investigar | Double-Bit Axe |
| 13:21 | Investigar | Horse Collar |
| 13:53 | Construir | House |
| 13:56 | Crear | Scout Cavalry |
| 14:06 | Construir | Farm |
| 14:06 | Construir | Farm |
| 14:28 | Construir | House |
| 15:13 | Crear | Villager (Male) |
| 15:13 | Crear | Villager (Male) |
| 15:27 | Edad | Edad de los Castillos |
| 15:31 | Construir | Monastery |
| 15:37 | Construir | Town Center |
| 15:45 | Construir | Town Center |
| 15:56 | Crear | Villager (Male) |
| 16:00 | Construir | Farm |
| 16:00 | Construir | Farm |
| 16:05 | Construir | Farm |
| 16:05 | Construir | Farm |
| 16:18 | Crear | Monk |
| 16:19 | Crear | Monk |
| 16:39 | Crear | Villager (Male) |
| 17:10 | Crear | Villager (Male) |
| 17:11 | Crear | Villager (Male) |
| 17:11 | Crear | Villager (Male) |
| 17:18 | Crear | Villager (Male) |
| 17:21 | Construir | Farm |
| 17:21 | Construir | Farm |
| 17:21 | Construir | Farm |
| 17:22 | Construir | Farm |
| 17:22 | Construir | Farm |
| 17:22 | Construir | Farm |
| 17:22 | Construir | Farm |
| 17:28 | Crear | Villager (Male) |
| 17:32 | Construir | Farm |
| 17:33 | Construir | Farm |
| 17:37 | Crear | Villager (Male) |
| 17:38 | Crear | Villager (Male) |
| 17:45 | Crear | Monk |
| 17:54 | Crear | Villager (Male) |
| 17:58 | Construir | House |
| 17:59 | Crear | Villager (Male) |
| 18:06 | Construir | Farm |
| 18:06 | Construir | Farm |
| 18:06 | Construir | Farm |
| 18:06 | Construir | Farm |
| 18:16 | Construir | Farm |
| 18:21 | Crear | Monk |
| 18:41 | Crear | Villager (Male) |
| 18:41 | Crear | Villager (Male) |
| 18:42 | Crear | Villager (Male) |
| 18:42 | Crear | Villager (Male) |
| 18:47 | Construir | Farm |
| 18:47 | Construir | Farm |
| 18:47 | Construir | Farm |
| 18:49 | Crear | Villager (Male) |
| 18:57 | Construir | House |
| 19:06 | Crear | Villager (Male) |
| 19:07 | Crear | Villager (Male) |
| 19:35 | Crear | Villager (Male) |
| 19:35 | Crear | Villager (Male) |
| 19:36 | Crear | Villager (Male) |
| 19:37 | Crear | Villager (Male) |
| 19:40 | Construir | Farm |
| 19:40 | Construir | Farm |
| 19:43 | Crear | Villager (Male) |
| 19:48 | Construir | Farm |
| 19:51 | Crear | Villager (Male) |
| 20:05 | Construir | Mining Camp |
| 20:05 | Crear | Villager (Male) |
| 20:05 | Crear | Villager (Male) |
| 20:17 | Crear | Villager (Male) |
| 20:28 | Crear | Villager (Male) |
| 20:29 | Crear | Villager (Male) |
| 20:33 | Construir | House |
| 20:35 | Construir | House |
| 20:36 | Crear | Villager (Male) |
| 20:39 | Construir | Farm |
| 20:39 | Construir | Farm |
| 20:40 | Crear | Villager (Male) |
| 20:52 | Investigar | Bow Saw |
| 20:57 | Construir | House |
| 21:08 | Crear | Villager (Male) |
| 21:22 | Crear | Villager (Male) |
| 21:23 | Crear | Villager (Male) |
| 21:29 | Investigar | Stone Mining |
| 21:31 | Crear | Villager (Male) |
| 21:39 | Crear | Villager (Male) |
| 21:43 | Crear | Villager (Male) |
| 21:47 | Construir | Mill |
| 21:48 | Construir | Farm |
| 21:48 | Construir | Farm |
| 21:49 | Construir | Farm |
| 21:49 | Construir | Farm |
| 21:49 | Construir | Farm |
| 22:02 | Construir | Town Center |
| 22:06 | Investigar | Wheelbarrow |
| 22:06 | Crear | Villager (Male) |
| 22:09 | Construir | House |
| 22:11 | Construir | House |
| 22:36 | Crear | Villager (Male) |
| 22:36 | Crear | Villager (Male) |
| 22:37 | Crear | Villager (Male) |
| 22:37 | Crear | Villager (Male) |
| 22:46 | Crear | Villager (Male) |
| 22:49 | Crear | Villager (Male) |
| 22:54 | Construir | House |
| 23:12 | Crear | Villager (Male) |
Build order — qiuqiangkong
Primeras 150 de 265 acciones detectadas
| 0:05 | Investigar | Loom |
| 0:41 | Crear | Villager (Male) |
| 1:06 | Crear | Villager (Male) |
| 1:33 | Crear | Villager (Male) |
| 1:40 | Construir | Lumber Camp |
| 1:53 | Crear | Villager (Male) |
| 2:26 | Crear | Villager (Male) |
| 2:26 | Crear | Villager (Male) |
| 2:48 | Crear | Villager (Male) |
| 3:13 | Crear | Villager (Male) |
| 3:21 | Construir | House |
| 3:32 | Crear | Villager (Male) |
| 3:47 | Construir | Mill |
| 3:56 | Crear | Villager (Male) |
| 4:10 | Construir | House |
| 4:28 | Crear | Villager (Male) |
| 4:36 | Construir | House |
| 4:52 | Crear | Villager (Male) |
| 5:20 | Crear | Villager (Male) |
| 5:38 | Crear | Villager (Male) |
| 5:47 | Construir | Farm |
| 5:49 | Construir | Farm |
| 6:04 | Crear | Villager (Male) |
| 6:25 | Crear | Villager (Male) |
| 6:39 | Construir | Farm |
| 6:59 | Crear | Villager (Male) |
| 7:22 | Crear | Villager (Male) |
| 7:27 | Construir | Mining Camp |
| 7:52 | Crear | Villager (Male) |
| 7:54 | Crear | Villager (Male) |
| 8:08 | Construir | Mining Camp |
| 8:38 | Crear | Villager (Male) |
| 9:07 | Investigar | Feudal Age |
| 10:01 | Crear | Villager (Male) |
| 10:01 | Crear | Villager (Male) |
| 11:18 | Edad | Edad Feudal |
| 11:20 | Construir | Market |
| 11:22 | Construir | Blacksmith |
| 12:07 | Investigar | Castle Age |
| 12:09 | Construir | House |
| 12:13 | Investigar | Horse Collar |
| 12:48 | Investigar | Double-Bit Axe |
| 13:10 | Construir | Lumber Camp |
| 14:33 | Crear | Villager (Male) |
| 14:33 | Crear | Villager (Male) |
| 14:48 | Edad | Edad de los Castillos |
| 14:49 | Construir | Town Center |
| 14:53 | Construir | Monastery |
| 15:17 | Construir | Farm |
| 15:24 | Crear | Monk |
| 15:26 | Construir | Farm |
| 15:28 | Construir | Farm |
| 15:30 | Crear | Villager (Male) |
| 15:33 | Crear | Monk |
| 15:48 | Crear | Villager (Male) |
| 15:56 | Construir | Farm |
| 16:07 | Crear | Villager (Male) |
| 16:07 | Crear | Villager (Male) |
| 16:16 | Construir | Farm |
| 16:27 | Crear | Villager (Male) |
| 16:37 | Construir | Town Center |
| 16:40 | Crear | Villager (Male) |
| 16:44 | Construir | Farm |
| 16:48 | Crear | Villager (Male) |
| 17:08 | Crear | Villager (Male) |
| 17:19 | Crear | Villager (Male) |
| 17:24 | Construir | Farm |
| 17:28 | Construir | Farm |
| 17:30 | Crear | Villager (Male) |
| 17:37 | Construir | Farm |
| 17:42 | Crear | Villager (Male) |
| 17:46 | Construir | Farm |
| 18:03 | Crear | Villager (Male) |
| 18:04 | Crear | Villager (Male) |
| 18:08 | Construir | Farm |
| 18:16 | Construir | Farm |
| 18:25 | Crear | Villager (Male) |
| 18:26 | Crear | Villager (Male) |
| 18:30 | Construir | Farm |
| 18:38 | Construir | Farm |
| 18:40 | Crear | Villager (Male) |
| 19:02 | Construir | Castle |
| 19:03 | Crear | Villager (Male) |
| 19:03 | Crear | Villager (Male) |
| 19:04 | Crear | Villager (Male) |
| 19:08 | Construir | Farm |
| 19:09 | Construir | Farm |
| 19:11 | Construir | Farm |
| 19:13 | Crear | Villager (Male) |
| 19:18 | Construir | Farm |
| 19:21 | Crear | Villager (Male) |
| 19:30 | Crear | Villager (Male) |
| 19:33 | Construir | Farm |
| 19:42 | Crear | Villager (Male) |
| 19:46 | Construir | Farm |
| 19:50 | Construir | Farm |
| 19:53 | Construir | Farm |
| 19:55 | Crear | Villager (Male) |
| 19:56 | Crear | Villager (Male) |
| 20:05 | Crear | Villager (Male) |
| 20:10 | Crear | Villager (Male) |
| 20:14 | Crear | Villager (Male) |
| 20:25 | Crear | Villager (Male) |
| 20:32 | Construir | Farm |
| 20:35 | Construir | Farm |
| 20:37 | Crear | Villager (Male) |
| 20:38 | Crear | Villager (Male) |
| 20:51 | Construir | House |
| 20:52 | Construir | House |
| 20:57 | Investigar | Wheelbarrow |
| 20:57 | Investigar | Wheelbarrow |
| 21:04 | Crear | Villager (Male) |
| 21:07 | Construir | Farm |
| 21:10 | Construir | Farm |
| 21:12 | Construir | Farm |
| 21:14 | Crear | Villager (Male) |
| 21:16 | Crear | Chu Ko Nu |
| 21:16 | Crear | Chu Ko Nu |
| 21:16 | Crear | Chu Ko Nu |
| 21:29 | Crear | Villager (Male) |
| 21:30 | Crear | Villager (Male) |
| 21:30 | Crear | Villager (Male) |
| 21:34 | Crear | Chu Ko Nu |
| 21:38 | Construir | Farm |
| 21:39 | Construir | Farm |
| 21:40 | Construir | Farm |
| 21:42 | Crear | Villager (Male) |
| 21:43 | Crear | Villager (Male) |
| 21:53 | Construir | House |
| 21:54 | Construir | House |
| 22:03 | Investigar | Heavy Plow |
| 22:12 | Investigar | Fletching |
| 22:13 | Crear | Chu Ko Nu |
| 22:30 | Construir | Gate |
| 22:36 | Construir | Gate |
| 22:37 | Crear | Chu Ko Nu |
| 22:37 | Crear | Chu Ko Nu |
| 22:37 | Crear | Chu Ko Nu |
| 22:43 | Construir | Gate |
| 22:47 | Crear | Chu Ko Nu |
| 22:55 | Construir | House |
| 23:03 | Construir | Siege Workshop |
| 23:05 | Crear | Chu Ko Nu |
| 23:05 | Crear | Chu Ko Nu |
| 23:05 | Crear | Chu Ko Nu |
| 23:17 | Investigar | Bodkin Arrow |
| 23:25 | Crear | Chu Ko Nu |
| 23:25 | Crear | Chu Ko Nu |
| 24:04 | Crear | Chu Ko Nu |
| 24:04 | Crear | Chu Ko Nu |
Build order — DandyCookie
Primeras 150 de 593 acciones detectadas
| 0:00 | Crear | Villager (Male) |
| 0:01 | Crear | Villager (Male) |
| 0:01 | Crear | Villager (Male) |
| 0:03 | Construir | House |
| 0:05 | Construir | House |
| 0:24 | Crear | Villager (Male) |
| 1:19 | Crear | Villager (Male) |
| 1:23 | Construir | Lumber Camp |
| 1:53 | Crear | Villager (Male) |
| 2:07 | Crear | Villager (Male) |
| 2:41 | Crear | Villager (Male) |
| 3:01 | Construir | House |
| 3:04 | Crear | Villager (Male) |
| 3:42 | Crear | Villager (Male) |
| 3:42 | Crear | Villager (Male) |
| 4:05 | Crear | Villager (Male) |
| 4:06 | Crear | Villager (Male) |
| 4:47 | Construir | Mill |
| 4:57 | Crear | Villager (Male) |
| 5:04 | Crear | Villager (Male) |
| 5:31 | Crear | Villager (Male) |
| 5:36 | Crear | Villager (Male) |
| 5:43 | Construir | House |
| 5:46 | Crear | Villager (Male) |
| 5:57 | Crear | Villager (Male) |
| 6:40 | Crear | Villager (Male) |
| 6:45 | Construir | Mill |
| 7:35 | Crear | Villager (Male) |
| 7:46 | Investigar | Feudal Age |
| 8:30 | Construir | House |
| 8:35 | Construir | Mining Camp |
| 9:30 | Crear | Villager (Male) |
| 9:31 | Crear | Villager (Male) |
| 9:46 | Construir | Lumber Camp |
| 10:56 | Edad | Edad Feudal |
| 10:57 | Construir | Market |
| 10:59 | Construir | Blacksmith |
| 11:19 | Construir | Mining Camp |
| 11:47 | Investigar | Castle Age |
| 12:00 | Construir | House |
| 12:03 | Construir | House |
| 12:05 | Construir | House |
| 12:11 | Investigar | Double-Bit Axe |
| 12:13 | Investigar | Horse Collar |
| 12:23 | Construir | Farm |
| 12:31 | Construir | Farm |
| 13:00 | Construir | Farm |
| 13:08 | Crear | Villager (Male) |
| 13:08 | Crear | Villager (Male) |
| 13:27 | Construir | Barracks |
| 13:35 | Construir | House |
| 13:36 | Construir | House |
| 13:41 | Crear | Villager (Male) |
| 13:42 | Crear | Villager (Male) |
| 14:21 | Construir | Farm |
| 14:27 | Edad | Edad de los Castillos |
| 14:43 | Investigar | Bow Saw |
| 14:56 | Crear | Villager (Male) |
| 15:19 | Construir | Town Center |
| 15:25 | Construir | House |
| 15:28 | Crear | Villager (Male) |
| 15:45 | Construir | Archery Range |
| 16:08 | Crear | Villager (Male) |
| 16:25 | Construir | House |
| 16:26 | Construir | House |
| 16:30 | Construir | Palisade Gate |
| 16:33 | Crear | Villager (Male) |
| 16:42 | Crear | Villager (Male) |
| 17:08 | Construir | Town Center |
| 17:11 | Crear | Villager (Male) |
| 17:17 | Construir | Farm |
| 17:19 | Crear | Villager (Male) |
| 17:37 | Crear | Villager (Male) |
| 17:44 | Construir | Farm |
| 17:49 | Construir | Farm |
| 17:49 | Construir | Farm |
| 17:59 | Construir | Farm |
| 18:07 | Construir | Farm |
| 18:08 | Construir | Farm |
| 18:12 | Crear | Villager (Male) |
| 18:19 | Construir | Farm |
| 18:27 | Construir | Siege Workshop |
| 18:36 | Construir | Farm |
| 18:37 | Crear | Villager (Male) |
| 18:43 | Construir | Farm |
| 18:50 | Crear | Villager (Male) |
| 18:50 | Crear | Villager (Male) |
| 18:55 | Construir | Farm |
| 19:05 | Crear | Villager (Male) |
| 19:19 | Construir | Farm |
| 19:19 | Construir | Farm |
| 19:27 | Crear | Villager (Male) |
| 19:29 | Construir | Farm |
| 19:29 | Construir | Farm |
| 19:37 | Crear | Villager (Male) |
| 19:39 | Crear | Villager (Male) |
| 19:52 | Crear | Villager (Male) |
| 20:00 | Crear | Villager (Male) |
| 20:11 | Crear | Villager (Male) |
| 20:22 | Construir | Castle |
| 20:34 | Crear | Villager (Male) |
| 20:34 | Crear | Villager (Male) |
| 20:37 | Crear | Villager (Male) |
| 20:43 | Construir | Farm |
| 20:44 | Construir | Farm |
| 20:49 | Crear | Villager (Male) |
| 20:51 | Crear | Villager (Male) |
| 20:52 | Crear | Villager (Male) |
| 20:57 | Construir | Mining Camp |
| 21:01 | Crear | Villager (Male) |
| 21:07 | Construir | House |
| 21:12 | Construir | University |
| 21:14 | Construir | House |
| 21:15 | Construir | House |
| 21:18 | Crear | Villager (Male) |
| 21:18 | Crear | Villager (Male) |
| 21:33 | Crear | Villager (Male) |
| 21:33 | Crear | Villager (Male) |
| 21:33 | Crear | Villager (Male) |
| 21:43 | Construir | Farm |
| 21:53 | Crear | Longbowman |
| 21:54 | Crear | Longbowman |
| 21:54 | Crear | Longbowman |
| 21:54 | Crear | Longbowman |
| 21:55 | Crear | Longbowman |
| 21:55 | Crear | Longbowman |
| 21:55 | Crear | Longbowman |
| 21:55 | Crear | Longbowman |
| 21:57 | Crear | Villager (Male) |
| 21:59 | Investigar | Gold Mining |
| 22:04 | Crear | Villager (Male) |
| 22:13 | Crear | Villager (Male) |
| 22:16 | Construir | Farm |
| 22:20 | Construir | Farm |
| 22:22 | Crear | Longbowman |
| 22:28 | Crear | Villager (Male) |
| 22:41 | Crear | Longbowman |
| 22:41 | Crear | Longbowman |
| 22:45 | Crear | Villager (Male) |
| 22:51 | Construir | House |
| 22:54 | Construir | House |
| 22:59 | Crear | Villager (Male) |
| 22:59 | Crear | Villager (Male) |
| 23:06 | Crear | Villager (Male) |
| 23:09 | Crear | Villager (Male) |
| 23:13 | Crear | Longbowman |
| 23:13 | Crear | Longbowman |
| 23:19 | Investigar | Wheelbarrow |
| 23:24 | Crear | Villager (Male) |
| 23:29 | Construir | Farm |
Build order — Elliminator
Primeras 150 de 490 acciones detectadas
| 0:02 | Crear | Villager (Male) |
| 0:03 | Crear | Villager (Male) |
| 0:03 | Crear | Villager (Male) |
| 0:03 | Crear | Villager (Male) |
| 0:05 | Construir | House |
| 0:07 | Construir | House |
| 1:15 | Crear | Villager (Male) |
| 1:15 | Crear | Villager (Male) |
| 2:00 | Construir | Lumber Camp |
| 2:04 | Crear | Villager (Male) |
| 2:04 | Crear | Villager (Male) |
| 2:14 | Crear | Villager (Male) |
| 2:14 | Crear | Villager (Male) |
| 2:37 | Crear | Villager (Male) |
| 2:37 | Crear | Villager (Male) |
| 3:10 | Crear | Villager (Male) |
| 3:10 | Crear | Villager (Male) |
| 3:27 | Construir | House |
| 3:48 | Crear | Villager (Male) |
| 3:52 | Construir | Mill |
| 4:23 | Crear | Villager (Male) |
| 4:23 | Crear | Villager (Male) |
| 4:47 | Crear | Villager (Male) |
| 5:23 | Crear | Villager (Male) |
| 5:23 | Crear | Villager (Male) |
| 5:24 | Crear | Villager (Male) |
| 6:05 | Crear | Villager (Male) |
| 6:05 | Crear | Villager (Male) |
| 6:05 | Crear | Villager (Male) |
| 6:19 | Construir | House |
| 6:32 | Crear | Villager (Male) |
| 6:33 | Crear | Villager (Male) |
| 6:33 | Crear | Villager (Male) |
| 6:51 | Construir | Lumber Camp |
| 7:00 | Crear | Villager (Male) |
| 7:01 | Crear | Villager (Male) |
| 7:19 | Crear | Villager (Male) |
| 7:19 | Crear | Villager (Male) |
| 7:48 | Construir | Farm |
| 8:03 | Construir | House |
| 8:06 | Construir | Mining Camp |
| 8:29 | Construir | Farm |
| 8:41 | Crear | Villager (Male) |
| 8:41 | Crear | Villager (Male) |
| 9:07 | Construir | Mill |
| 9:18 | Crear | Villager (Male) |
| 9:45 | Construir | Mining Camp |
| 10:04 | Investigar | Feudal Age |
| 10:50 | Crear | Villager (Male) |
| 10:50 | Crear | Villager (Male) |
| 12:33 | Edad | Edad Feudal |
| 12:36 | Construir | Market |
| 12:43 | Construir | Blacksmith |
| 13:00 | Construir | House |
| 13:04 | Construir | Barracks |
| 13:22 | Investigar | Castle Age |
| 13:22 | Investigar | Castle Age |
| 13:24 | Investigar | Loom |
| 13:38 | Investigar | Horse Collar |
| 14:16 | Investigar | Double-Bit Axe |
| 14:37 | Crear | Spearman |
| 14:39 | Crear | Spearman |
| 14:54 | Construir | Farm |
| 15:01 | Construir | Farm |
| 15:06 | Construir | Farm |
| 15:13 | Crear | Villager (Male) |
| 15:13 | Crear | Villager (Male) |
| 15:40 | Construir | Farm |
| 15:44 | Construir | Farm |
| 16:03 | Edad | Edad de los Castillos |
| 16:12 | Construir | Castle |
| 16:27 | Investigar | Heavy Plow |
| 16:36 | Construir | Stone Wall |
| 16:36 | Construir | Stone Wall |
| 16:41 | Construir | Outpost |
| 16:55 | Construir | House |
| 16:56 | Construir | House |
| 16:59 | Crear | Villager (Male) |
| 17:21 | Crear | Conquistador |
| 17:21 | Crear | Conquistador |
| 17:21 | Crear | Conquistador |
| 17:22 | Crear | Conquistador |
| 17:22 | Crear | Conquistador |
| 17:29 | Construir | Mining Camp |
| 17:36 | Crear | Villager (Male) |
| 17:50 | Construir | Stone Wall |
| 17:51 | Construir | Stone Wall |
| 17:53 | Construir | Outpost |
| 18:12 | Construir | Farm |
| 18:16 | Construir | Farm |
| 18:19 | Crear | Villager (Male) |
| 18:19 | Crear | Villager (Male) |
| 18:56 | Crear | Conquistador |
| 19:06 | Crear | Villager (Male) |
| 19:06 | Crear | Villager (Male) |
| 19:22 | Crear | Petard |
| 19:22 | Crear | Petard |
| 19:35 | Construir | Stone Wall |
| 19:35 | Construir | Stone Wall |
| 19:38 | Construir | Outpost |
| 19:45 | Construir | Town Center |
| 19:48 | Crear | Villager (Male) |
| 19:48 | Crear | Villager (Male) |
| 19:53 | Construir | Farm |
| 19:53 | Construir | Farm |
| 19:53 | Construir | Farm |
| 19:55 | Crear | Villager (Male) |
| 20:11 | Crear | Petard |
| 20:11 | Crear | Petard |
| 20:30 | Crear | Villager (Male) |
| 20:33 | Crear | Conquistador |
| 21:00 | Crear | Villager (Male) |
| 21:00 | Crear | Villager (Male) |
| 21:37 | Crear | Conquistador |
| 21:37 | Crear | Conquistador |
| 22:03 | Crear | Villager (Male) |
| 22:03 | Crear | Villager (Male) |
| 22:16 | Crear | Villager (Male) |
| 22:16 | Crear | Villager (Male) |
| 22:16 | Crear | Villager (Male) |
| 22:16 | Crear | Villager (Male) |
| 22:23 | Construir | Town Center |
| 22:36 | Construir | Siege Workshop |
| 23:02 | Construir | Farm |
| 23:02 | Construir | Farm |
| 23:02 | Construir | Farm |
| 23:03 | Crear | Villager (Male) |
| 23:04 | Crear | Villager (Male) |
| 23:12 | Construir | Farm |
| 23:12 | Construir | Farm |
| 23:13 | Crear | Villager (Male) |
| 23:13 | Crear | Villager (Male) |
| 23:13 | Crear | Villager (Male) |
| 23:25 | Crear | Mangonel |
| 23:30 | Construir | Stable |
| 23:35 | Crear | Conquistador |
| 23:36 | Crear | Conquistador |
| 24:06 | Crear | Knight |
| 24:17 | Construir | House |
| 24:28 | Crear | Conquistador |
| 24:28 | Crear | Conquistador |
| 24:32 | Crear | Villager (Male) |
| 24:32 | Crear | Villager (Male) |
| 25:31 | Crear | Knight |
| 25:42 | Crear | Conquistador |
| 25:43 | Crear | Conquistador |
| 25:43 | Crear | Conquistador |
| 26:02 | Crear | Villager (Male) |
| 26:02 | Crear | Villager (Male) |
| 26:03 | Crear | Villager (Male) |
Build order — 嘿,延边!
Primeras 150 de 467 acciones detectadas
| 0:02 | Construir | House |
| 0:04 | Construir | House |
| 0:06 | Crear | Villager (Male) ×5 |
| 0:06 | Crear | Villager (Male) ×5 |
| 0:06 | Crear | Villager (Male) ×5 |
| 1:27 | Crear | Villager (Male) |
| 1:49 | Construir | Lumber Camp |
| 1:50 | Crear | Villager (Male) |
| 1:51 | Crear | Villager (Male) |
| 2:42 | Crear | Villager (Male) |
| 2:42 | Crear | Villager (Male) |
| 3:18 | Crear | Villager (Male) |
| 3:18 | Crear | Villager (Male) |
| 3:49 | Construir | Mill |
| 4:00 | Construir | House |
| 4:10 | Crear | Villager (Male) |
| 4:10 | Crear | Villager (Male) |
| 4:29 | Crear | Villager (Male) |
| 4:29 | Crear | Villager (Male) |
| 4:30 | Crear | Villager (Male) |
| 5:04 | Crear | Villager (Male) |
| 5:18 | Crear | Villager (Male) |
| 5:47 | Construir | House |
| 5:48 | Construir | House |
| 6:22 | Crear | Villager (Male) |
| 6:22 | Crear | Villager (Male) |
| 6:22 | Crear | Villager (Male) |
| 6:28 | Crear | Villager (Male) |
| 6:39 | Crear | Villager (Male) |
| 6:39 | Crear | Villager (Male) |
| 6:52 | Crear | Villager (Male) |
| 6:56 | Crear | Villager (Male) |
| 7:02 | Crear | Villager (Male) |
| 7:22 | Crear | Villager (Male) |
| 7:47 | Crear | Villager (Male) |
| 8:15 | Crear | Villager (Male) |
| 8:31 | Crear | Villager (Male) |
| 8:53 | Investigar | Feudal Age |
| 10:22 | Construir | Farm |
| 10:23 | Crear | Villager (Male) |
| 10:25 | Crear | Villager (Male) |
| 10:44 | Construir | Farm |
| 11:07 | Edad | Edad Feudal |
| 11:10 | Construir | Market |
| 11:14 | Construir | Blacksmith |
| 11:58 | Investigar | Castle Age |
| 11:58 | Investigar | Castle Age |
| 11:58 | Investigar | Castle Age |
| 12:11 | Construir | Farm |
| 12:16 | Construir | Farm |
| 12:18 | Construir | Farm |
| 12:20 | Construir | Farm |
| 12:35 | Investigar | Double-Bit Axe |
| 12:35 | Investigar | Double-Bit Axe |
| 13:16 | Investigar | Horse Collar |
| 13:38 | Construir | Farm |
| 13:54 | Construir | House |
| 13:55 | Construir | House |
| 14:06 | Crear | Villager (Male) |
| 14:11 | Investigar | Wheelbarrow |
| 14:14 | Crear | Villager (Male) |
| 14:23 | Edad | Edad de los Castillos |
| 14:26 | Construir | Town Center |
| 14:53 | Construir | Town Center |
| 15:09 | Construir | House |
| 15:22 | Construir | Farm |
| 15:27 | Construir | Farm |
| 15:42 | Crear | Villager (Male) |
| 15:47 | Construir | House |
| 15:49 | Crear | Villager (Male) |
| 16:04 | Crear | Villager (Male) |
| 16:04 | Crear | Villager (Male) |
| 16:06 | Crear | Villager (Male) |
| 16:13 | Crear | Villager (Male) |
| 16:16 | Construir | Farm |
| 16:17 | Construir | Farm |
| 16:32 | Construir | Farm |
| 16:33 | Crear | Villager (Male) |
| 16:40 | Construir | Farm |
| 16:41 | Crear | Villager (Male) |
| 16:41 | Crear | Villager (Male) |
| 17:08 | Construir | Barracks |
| 17:08 | Crear | Villager (Male) |
| 17:10 | Crear | Villager (Male) |
| 17:11 | Crear | Villager (Male) |
| 17:12 | Construir | Farm |
| 17:22 | Crear | Villager (Male) |
| 17:24 | Construir | Farm |
| 17:31 | Construir | Farm |
| 17:32 | Crear | Villager (Male) |
| 17:37 | Crear | Villager (Male) |
| 17:38 | Crear | Villager (Male) |
| 17:40 | Construir | Farm |
| 17:41 | Crear | Villager (Male) |
| 17:51 | Crear | Villager (Male) |
| 17:52 | Crear | Villager (Male) |
| 17:58 | Crear | Villager (Male) |
| 18:00 | Construir | Farm |
| 18:04 | Crear | Villager (Male) |
| 18:13 | Construir | Monastery |
| 18:14 | Crear | Villager (Male) |
| 18:20 | Construir | House |
| 18:21 | Construir | House |
| 18:33 | Construir | Farm |
| 18:35 | Investigar | Heavy Plow |
| 18:35 | Investigar | Heavy Plow |
| 18:39 | Crear | Villager (Male) |
| 18:39 | Crear | Villager (Male) |
| 18:39 | Crear | Villager (Male) |
| 18:43 | Construir | Farm |
| 18:53 | Crear | Villager (Male) |
| 19:02 | Construir | Farm |
| 19:02 | Construir | Farm |
| 19:06 | Construir | House |
| 19:07 | Crear | Monk |
| 19:11 | Crear | Villager (Male) |
| 19:13 | Crear | Villager (Male) |
| 19:15 | Construir | Stable |
| 19:17 | Crear | Villager (Male) |
| 19:23 | Construir | Farm |
| 19:31 | Crear | Villager (Male) |
| 19:34 | Construir | House |
| 19:38 | Crear | Villager (Male) |
| 19:42 | Construir | Stable |
| 19:44 | Crear | Villager (Male) |
| 19:45 | Crear | Villager (Male) |
| 19:46 | Crear | Villager (Male) |
| 19:49 | Construir | Farm |
| 19:50 | Crear | Villager (Male) |
| 20:08 | Crear | Villager (Male) |
| 20:08 | Crear | Villager (Male) |
| 20:08 | Crear | Villager (Male) |
| 20:13 | Construir | Farm |
| 20:15 | Construir | Farm |
| 20:15 | Construir | Farm |
| 20:15 | Construir | Farm |
| 20:16 | Construir | Farm |
| 20:17 | Crear | Villager (Male) |
| 20:21 | Crear | Villager (Male) |
| 20:25 | Construir | Farm |
| 20:33 | Crear | Villager (Male) |
| 20:41 | Crear | Villager (Male) |
| 20:48 | Construir | Farm |
| 20:53 | Construir | Farm |
| 20:58 | Crear | Villager (Male) |
| 20:59 | Crear | Villager (Male) |
| 21:00 | Crear | Villager (Male) |
| 21:03 | Construir | House |
| 21:07 | Construir | House |
| 21:08 | Crear | Villager (Male) |
Build order — 可惜投降不能打队友
Primeras 150 de 241 acciones detectadas
| 0:02 | Crear | Villager (Male) |
| 0:02 | Crear | Villager (Male) |
| 0:03 | Construir | House |
| 0:05 | Construir | House |
| 0:05 | Crear | Villager (Male) |
| 0:06 | Crear | Villager (Male) |
| 1:14 | Crear | Villager (Male) |
| 1:54 | Crear | Villager (Male) |
| 2:12 | Construir | Lumber Camp |
| 2:23 | Crear | Villager (Male) |
| 2:31 | Crear | Villager (Male) |
| 2:31 | Crear | Villager (Male) |
| 2:46 | Crear | Villager (Male) |
| 2:46 | Crear | Villager (Male) |
| 3:15 | Crear | Villager (Male) |
| 3:16 | Crear | Villager (Male) |
| 3:31 | Construir | House |
| 3:49 | Crear | Villager (Male) |
| 4:05 | Construir | House |
| 4:20 | Crear | Villager (Male) |
| 5:08 | Crear | Villager (Male) |
| 5:09 | Crear | Villager (Male) |
| 5:09 | Crear | Villager (Male) |
| 5:10 | Construir | Mill |
| 5:24 | Construir | House |
| 5:42 | Crear | Villager (Male) |
| 5:44 | Crear | Villager (Male) |
| 6:15 | Construir | Mill |
| 6:27 | Crear | Villager (Male) |
| 7:32 | Crear | Villager (Male) |
| 7:59 | Investigar | Feudal Age |
| 8:00 | Investigar | Feudal Age |
| 9:18 | Construir | Farm |
| 9:49 | Crear | Villager (Male) |
| 9:50 | Crear | Villager (Male) |
| 10:13 | Edad | Edad Feudal |
| 10:32 | Construir | Market |
| 10:36 | Construir | Blacksmith |
| 10:39 | Crear | Villager (Male) |
| 11:25 | Investigar | Castle Age |
| 11:25 | Investigar | Castle Age |
| 11:32 | Construir | Mining Camp |
| 11:57 | Construir | Mining Camp |
| 12:24 | Investigar | Stone Mining |
| 12:31 | Investigar | Gold Mining |
| 12:31 | Investigar | Gold Mining |
| 13:11 | Construir | House |
| 13:21 | Investigar | Padded Archer Armor |
| 13:59 | Crear | Villager (Male) |
| 13:59 | Crear | Villager (Male) |
| 14:08 | Edad | Edad de los Castillos |
| 14:13 | Construir | Siege Workshop |
| 14:37 | Construir | Barracks |
| 14:44 | Construir | House |
| 14:59 | Crear | Villager (Male) |
| 15:07 | Investigar | Horse Collar |
| 15:07 | Investigar | Horse Collar |
| 15:13 | Construir | Lumber Camp |
| 15:15 | Crear | Villager (Male) |
| 15:26 | Crear | Villager (Male) |
| 15:54 | Construir | Farm |
| 16:05 | Crear | Villager (Male) |
| 16:09 | Crear | Battering Ram |
| 16:09 | Crear | Battering Ram |
| 16:28 | Construir | Lumber Camp |
| 16:34 | Construir | Castle |
| 16:39 | Crear | Villager (Male) |
| 16:48 | Crear | Villager (Male) |
| 16:48 | Investigar | Loom |
| 17:02 | Crear | Battering Ram |
| 17:31 | Crear | Battering Ram |
| 17:41 | Crear | Battering Ram |
| 18:02 | Crear | Arambai |
| 18:02 | Crear | Arambai |
| 18:03 | Crear | Arambai |
| 18:10 | Crear | Arambai |
| 18:10 | Crear | Arambai |
| 18:28 | Crear | Arambai |
| 18:28 | Crear | Arambai |
| 18:34 | Crear | Villager (Male) |
| 18:55 | Crear | Battering Ram |
| 18:55 | Crear | Battering Ram |
| 18:57 | Construir | Mining Camp |
| 19:21 | Crear | Arambai |
| 19:21 | Crear | Arambai |
| 19:26 | Construir | Stable |
| 19:35 | Crear | Villager (Male) |
| 19:36 | Crear | Villager (Male) |
| 19:36 | Crear | Villager (Male) |
| 19:44 | Crear | Arambai |
| 19:44 | Crear | Arambai |
| 19:44 | Crear | Arambai |
| 19:55 | Crear | Arambai |
| 19:55 | Crear | Arambai |
| 20:08 | Construir | Farm |
| 20:13 | Crear | Arambai |
| 20:13 | Crear | Arambai |
| 20:32 | Crear | Battering Ram |
| 20:33 | Crear | Battering Ram |
| 20:42 | Crear | Arambai |
| 20:43 | Crear | Arambai |
| 21:07 | Crear | Battering Ram |
| 21:08 | Crear | Battering Ram |
| 21:14 | Crear | Villager (Male) |
| 21:14 | Crear | Villager (Male) |
| 21:35 | Crear | Arambai |
| 21:35 | Crear | Arambai |
| 21:35 | Crear | Arambai |
| 21:45 | Construir | Farm |
| 21:46 | Crear | Villager (Male) |
| 22:03 | Crear | Arambai |
| 22:03 | Crear | Arambai |
| 22:16 | Construir | Farm |
| 22:17 | Construir | House |
| 22:20 | Construir | House |
| 22:28 | Crear | Arambai |
| 22:29 | Crear | Arambai |
| 22:29 | Crear | Arambai |
| 23:41 | Crear | Arambai |
| 23:42 | Crear | Arambai |
| 23:43 | Crear | Battering Ram |
| 23:43 | Crear | Battering Ram |
| 23:43 | Crear | Battering Ram |
| 23:43 | Crear | Battering Ram |
| 24:02 | Crear | Arambai |
| 24:02 | Crear | Arambai |
| 24:03 | Crear | Arambai |
| 24:03 | Crear | Arambai |
| 24:03 | Crear | Arambai |
| 24:17 | Investigar | Light Cavalry (upgrade) |
| 24:17 | Investigar | Light Cavalry (upgrade) |
| 24:31 | Crear | Arambai |
| 24:31 | Crear | Arambai |
| 24:32 | Crear | Arambai |
| 24:36 | Crear | Villager (Male) |
| 24:36 | Crear | Villager (Male) |
| 24:42 | Construir | Farm |
| 25:29 | Crear | Arambai ×4 |
| 25:39 | Crear | Arambai ×2 |
| 26:15 | Crear | Arambai |
| 26:16 | Crear | Arambai |
| 26:20 | Crear | Villager (Male) |
| 26:20 | Crear | Villager (Male) |
| 26:42 | Crear | Arambai ×3 |
| 26:57 | Crear | Arambai ×2 |
| 27:23 | Crear | Arambai ×2 |
| 27:42 | Investigar | Husbandry |
| 27:42 | Investigar | Bloodlines |
| 28:07 | Crear | Arambai |
| 28:08 | Crear | Arambai |
Build order — koyomi
Primeras 150 de 206 acciones detectadas
| 0:01 | Crear | Villager (Male) |
| 0:01 | Crear | Villager (Male) |
| 0:01 | Crear | Villager (Male) |
| 0:02 | Crear | Villager (Male) |
| 0:02 | Crear | Villager (Male) |
| 0:03 | Construir | House |
| 0:06 | Construir | House |
| 1:34 | Crear | Villager (Male) |
| 1:44 | Construir | Lumber Camp |
| 1:51 | Crear | Villager (Male) |
| 1:51 | Crear | Villager (Male) |
| 2:17 | Crear | Villager (Male) |
| 2:47 | Crear | Villager (Male) |
| 2:47 | Crear | Villager (Male) |
| 3:32 | Construir | Mill |
| 3:38 | Crear | Villager (Male) |
| 3:39 | Crear | Villager (Male) |
| 3:39 | Crear | Villager (Male) |
| 3:49 | Crear | Villager (Male) |
| 4:13 | Construir | House |
| 4:14 | Construir | House |
| 4:36 | Crear | Villager (Male) |
| 5:10 | Crear | Villager (Male) |
| 5:10 | Crear | Villager (Male) |
| 6:03 | Crear | Villager (Male) |
| 6:03 | Crear | Villager (Male) |
| 6:03 | Crear | Villager (Male) |
| 6:03 | Crear | Villager (Male) |
| 6:14 | Crear | Villager (Male) |
| 6:15 | Crear | Villager (Male) |
| 6:23 | Crear | Villager (Male) |
| 7:26 | Construir | Mill |
| 7:54 | Investigar | Feudal Age |
| 8:06 | Construir | Lumber Camp |
| 8:42 | Crear | Villager (Male) |
| 8:43 | Crear | Villager (Male) |
| 9:04 | Construir | House |
| 9:05 | Construir | House |
| 10:04 | Edad | Edad Feudal |
| 10:11 | Construir | Market |
| 10:14 | Investigar | Double-Bit Axe |
| 10:28 | Investigar | Horse Collar |
| 10:28 | Investigar | Horse Collar |
| 10:40 | Construir | House |
| 10:46 | Crear | Villager (Male) |
| 10:46 | Crear | Villager (Male) |
| 10:49 | Crear | Villager (Male) |
| 10:51 | Crear | Villager (Male) |
| 10:51 | Crear | Villager (Male) |
| 10:52 | Crear | Villager (Male) |
| 10:52 | Crear | Villager (Male) |
| 10:58 | Crear | Villager (Male) |
| 11:08 | Construir | Blacksmith |
| 12:20 | Construir | Barracks |
| 12:34 | Construir | Farm |
| 12:36 | Construir | Farm |
| 13:05 | Crear | Villager (Male) |
| 13:29 | Construir | Archery Range |
| 13:52 | Investigar | Castle Age |
| 14:02 | Construir | Archery Range |
| 14:09 | Construir | Farm |
| 14:10 | Construir | Farm |
| 14:12 | Construir | Farm |
| 14:16 | Construir | Farm |
| 14:18 | Construir | Farm |
| 14:22 | Construir | Farm |
| 14:34 | Construir | Mining Camp |
| 14:50 | Construir | Mining Camp |
| 15:00 | Crear | Villager (Male) |
| 15:00 | Crear | Villager (Male) |
| 15:43 | Construir | Farm |
| 15:46 | Construir | Farm |
| 15:52 | Construir | Farm |
| 16:01 | Construir | Farm |
| 16:32 | Edad | Edad de los Castillos |
| 16:40 | Construir | University |
| 16:45 | Investigar | Loom |
| 17:14 | Construir | Siege Workshop |
| 17:37 | Construir | House |
| 17:40 | Construir | House |
| 17:51 | Crear | Villager (Male) |
| 18:00 | Construir | Farm |
| 18:10 | Construir | Farm |
| 19:13 | Investigar | Imperial Age |
| 19:13 | Investigar | Imperial Age |
| 19:17 | Construir | House |
| 19:18 | Construir | House |
| 20:06 | Construir | Farm |
| 20:14 | Construir | House |
| 20:15 | Construir | House |
| 20:31 | Investigar | Chemistry |
| 20:53 | Construir | Palisade Gate |
| 21:02 | Construir | House |
| 21:04 | Construir | House |
| 21:07 | Construir | House |
| 21:08 | Construir | House |
| 21:15 | Construir | House |
| 21:16 | Construir | House |
| 21:18 | Construir | House |
| 22:23 | Edad | Edad Imperial |
| 22:26 | Crear | Hand Cannoneer |
| 22:27 | Crear | Hand Cannoneer |
| 22:27 | Crear | Hand Cannoneer |
| 22:27 | Crear | Hand Cannoneer |
| 22:47 | Crear | Hand Cannoneer |
| 22:48 | Crear | Hand Cannoneer |
| 23:13 | Crear | Bombard Cannon |
| 23:33 | Crear | Hand Cannoneer |
| 23:34 | Crear | Hand Cannoneer |
| 24:17 | Crear | Hand Cannoneer |
| 24:17 | Crear | Hand Cannoneer |
| 25:30 | Construir | House |
| 25:31 | Construir | House |
| 25:32 | Construir | House |
| 25:33 | Construir | House |
| 25:42 | Crear | Bombard Cannon |
| 25:42 | Crear | Bombard Cannon |
| 25:57 | Construir | Palisade Gate |
| 27:07 | Construir | Mining Camp |
| 28:14 | Crear | Bombard Cannon |
| 28:18 | Crear | Hand Cannoneer |
| 28:18 | Crear | Hand Cannoneer |
| 28:51 | Crear | Villager (Male) |
| 28:51 | Crear | Villager (Male) |
| 29:32 | Crear | Villager (Male) |
| 29:32 | Crear | Villager (Male) |
| 29:54 | Construir | House |
| 30:38 | Construir | House |
| 31:14 | Crear | Villager (Male) |
| 31:15 | Crear | Villager (Male) |
| 31:15 | Crear | Villager (Male) |
| 31:15 | Crear | Villager (Male) |
| 31:34 | Crear | Hand Cannoneer |
| 31:35 | Crear | Hand Cannoneer |
| 31:41 | Crear | Bombard Cannon |
| 31:43 | Crear | Hand Cannoneer |
| 31:44 | Crear | Hand Cannoneer |
| 31:46 | Crear | Villager (Male) |
| 32:08 | Construir | House |
| 33:12 | Crear | Hand Cannoneer |
| 33:13 | Crear | Hand Cannoneer |
| 33:15 | Crear | Villager (Male) |
| 33:15 | Crear | Villager (Male) |
| 33:28 | Construir | Farm |
| 34:05 | Crear | Villager (Male) |
| 34:11 | Crear | Hand Cannoneer |
| 34:11 | Crear | Hand Cannoneer |
| 34:49 | Crear | Villager (Male) |
| 34:49 | Crear | Villager (Male) |
| 35:11 | Construir | Farm |
Cronología de la partida
| 8:35 | 哈基索米 · first_building Barracks |
| 10:04 | koyomi · age_up feudal |
| 10:05 | Gaody · age_up feudal |
| 10:13 | 可惜投降不能打队友 · age_up feudal |
| 10:56 | DandyCookie · age_up feudal |
| 11:07 | 嘿,延边! · age_up feudal |
| 11:18 | qiuqiangkong · age_up feudal |
| 11:27 | koyomi · first_market_sell 500 stone |
| 11:52 | 哈基索米 · age_up feudal |
| 12:03 | 哈基索米 · first_building Stable |
| 12:20 | koyomi · first_building Barracks |
| 12:33 | Elliminator · age_up feudal |
| 13:04 | Elliminator · first_building Barracks |
| 13:27 | DandyCookie · first_building Barracks |
| 13:29 | koyomi · first_building Archery Range |
| 14:08 | 可惜投降不能打队友 · age_up castle |
| 14:13 | 可惜投降不能打队友 · first_building Siege Workshop |
| 14:23 | 嘿,延边! · age_up castle |
| 14:27 | DandyCookie · age_up castle |
| 14:37 | 可惜投降不能打队友 · first_building Barracks |
| 14:48 | qiuqiangkong · age_up castle |
| 14:53 | qiuqiangkong · first_building Monastery |
| 15:16 | Gaody · age_up castle |
| 15:27 | 哈基索米 · age_up castle |
| 15:31 | 哈基索米 · first_building Monastery |
| 15:45 | DandyCookie · first_building Archery Range |
| 16:03 | Elliminator · age_up castle |
| 16:12 | Elliminator · first_building Castle |
| 16:32 | koyomi · age_up castle |
| 16:34 | 可惜投降不能打队友 · first_building Castle |
| 16:36 | Elliminator · wall_segment Stone Wall x1 |
| 16:36 | Elliminator · wall_segment Stone Wall x1 |
| 17:08 | 嘿,延边! · first_building Barracks |
| 17:14 | koyomi · first_building Siege Workshop |
| 17:50 | Elliminator · wall_segment Stone Wall x1 |
| 17:51 | Elliminator · wall_segment Stone Wall x1 |
| 18:13 | 嘿,延边! · first_building Monastery |
| 18:27 | DandyCookie · first_building Siege Workshop |
| 18:33 | Gaody · first_building Monastery |
| 18:48 | koyomi · first_market_buy 100 food |
| 19:02 | qiuqiangkong · first_building Castle |
| 19:15 | 嘿,延边! · first_building Stable |
| 19:26 | 可惜投降不能打队友 · first_building Stable |
| 19:35 | Elliminator · wall_segment Stone Wall x1 |
| 19:35 | Elliminator · wall_segment Stone Wall x1 |
| 20:22 | DandyCookie · first_building Castle |
| 20:28 | Elliminator · first_market_buy 100 food |
| 22:23 | koyomi · age_up imperial |
| 22:36 | Elliminator · first_building Siege Workshop |
| 23:03 | qiuqiangkong · first_building Siege Workshop |
| 23:30 | Elliminator · first_building Stable |
| 25:21 | qiuqiangkong · first_building Barracks |
| 25:56 | Gaody · first_building Castle |
| 25:58 | qiuqiangkong · first_market_sell 100 wood |
| 26:00 | qiuqiangkong · first_market_buy 100 stone |
| 26:35 | 哈基索米 · first_building Castle |
| 26:49 | qiuqiangkong · first_building Archery Range |
| 27:12 | Gaody · first_market_sell 100 wood |
| 27:27 | 嘿,延边! · first_building Siege Workshop |
| 27:30 | DandyCookie · first_market_sell 100 food |
| 28:00 | Gaody · first_building Siege Workshop |
| 29:03 | Gaody · first_building Barracks |
| 29:17 | 嘿,延边! · first_building Castle |
| 29:36 | Gaody · first_building Archery Range |
| 29:55 | 哈基索米 · first_building Archery Range |
| 29:59 | 嘿,延边! · age_up imperial |
| 30:29 | Gaody · age_up imperial |
| 30:33 | qiuqiangkong · wall_segment Stone Wall x6 |
| 30:37 | qiuqiangkong · wall_segment Stone Wall x4 |
| 31:14 | DandyCookie · age_up imperial |
| 32:00 | 哈基索米 · age_up imperial |
| 34:29 | Elliminator · first_market_sell 100 food |
| 37:02 | DandyCookie · first_market_buy 100 wood |
| 37:41 | Elliminator · age_up imperial |
| 38:11 | koyomi · wall_segment Palisade Wall x8 |
| 38:14 | 嘿,延边! · tribute_sent a jugador 1 |
| 38:14 | 嘿,延边! · tribute_sent a jugador 2 |
| 38:14 | 嘿,延边! · tribute_sent a jugador 3 |
| 38:14 | 嘿,延边! · tribute_sent a jugador 4 |
| 38:14 | 嘿,延边! · tribute_sent a jugador 5 |
| 38:14 | 嘿,延边! · tribute_sent a jugador 7 |
| 38:14 | 嘿,延边! · tribute_sent a jugador 8 |
| 38:21 | Gaody · tribute_sent a jugador 1 |
| 38:21 | Gaody · tribute_sent a jugador 2 |
| 38:21 | Gaody · tribute_sent a jugador 3 |
| 38:21 | Gaody · tribute_sent a jugador 5 |
| 38:21 | Gaody · tribute_sent a jugador 6 |
| 38:21 | Gaody · tribute_sent a jugador 7 |
| 38:21 | Gaody · tribute_sent a jugador 8 |
| 40:13 | 可惜投降不能打队友 · age_up imperial |
| 40:14 | 哈基索米 · tribute_sent a jugador 2 |
| 40:14 | 哈基索米 · tribute_sent a jugador 3 |
| 40:14 | 哈基索米 · tribute_sent a jugador 4 |
| 40:14 | 哈基索米 · tribute_sent a jugador 5 |
| 40:14 | 哈基索米 · tribute_sent a jugador 6 |
| 40:14 | 哈基索米 · tribute_sent a jugador 7 |
| 40:14 | 哈基索米 · tribute_sent a jugador 8 |
| 40:22 | 嘿,延边! · tribute_sent a jugador 1 |
| 40:22 | 嘿,延边! · tribute_sent a jugador 2 |
| 40:22 | 嘿,延边! · tribute_sent a jugador 3 |
| 40:22 | 嘿,延边! · tribute_sent a jugador 4 |
| 40:22 | 嘿,延边! · tribute_sent a jugador 5 |
| 40:22 | 嘿,延边! · tribute_sent a jugador 7 |
| 40:22 | 嘿,延边! · tribute_sent a jugador 8 |
| 41:20 | Elliminator · wall_segment Stone Wall x1 |
| 41:54 | 可惜投降不能打队友 · first_building Archery Range |
| 43:30 | Gaody · wall_segment Stone Wall x1 |
| 43:55 | Gaody · first_building Stable |
| 44:34 | 可惜投降不能打队友 · first_market_sell 500 wood |
| 44:40 | Gaody · wall_segment Stone Wall x1 |
| 44:41 | Gaody · wall_segment Stone Wall x1 |
| 44:50 | 哈基索米 · tribute_sent a jugador 2 |
| 44:50 | 哈基索米 · tribute_sent a jugador 3 |
| 44:50 | 哈基索米 · tribute_sent a jugador 4 |
| 44:50 | 哈基索米 · tribute_sent a jugador 5 |
| 44:50 | 哈基索米 · tribute_sent a jugador 6 |
| 44:50 | 哈基索米 · tribute_sent a jugador 7 |
| 44:50 | 哈基索米 · tribute_sent a jugador 8 |
| 46:40 | 哈基索米 · tribute_sent a jugador 2 |
| 46:40 | 哈基索米 · tribute_sent a jugador 3 |
| 46:40 | 哈基索米 · tribute_sent a jugador 4 |
| 46:40 | 哈基索米 · tribute_sent a jugador 5 |
| 46:40 | 哈基索米 · tribute_sent a jugador 6 |
| 46:40 | 哈基索米 · tribute_sent a jugador 7 |
| 46:40 | 哈基索米 · tribute_sent a jugador 8 |
| 46:51 | koyomi · resign |
[ ANÁLISIS IA · 1 CRÉDITO ]
¿Qué pasó realmente en esta partida?
Wolo.gg analiza cada decisión: build order, eco, micro, errores típicos por bracket. Análisis personalizado por WhatsApp o Discord en 30 segundos.
Guía civ
Coreanos
Perfil
Jugador #3064577